Inferno vs Griffins
Created - December 14, 2017 at 19:46
Goals
|
| Inferno |
1 |
1 |
2 |
0 |
4 |
| Griffins |
1 |
2 |
1 |
1 |
5 |
|
Shots
|
| Inferno |
6 |
15 |
14 |
0 |
35 |
| Griffins |
9 |
13 |
9 |
2 |
33 |
|
1st period
1. Griffins , Nathan Oystrick 1 (Robert Dome 15, J.T. Brown 10) at 16:24
2. Inferno , David Ullstrom 11 (Vladimir Sobotka 18, Vladimir Zharkov 26) at 16:47
Penalties :
J.T. Brown (Cap) for Roughing (Minor) at 5:18, Christian Folin (Anc) for Roughing (Double Minor) at 11:48, Colby Robak (Anc) for Interference (Minor) at 17:05
2nd period
3. Griffins , Jan Mursak 9 (Oscar Klefbom 18, Gord Baldwin 4) at 7:57
4. Inferno , Vladimir Sobotka 11 (Vladimir Zharkov 27, David Ullstrom 20) at 16:41
5. Griffins , Greg Mauldin 8 (Tye McGinn 17, Oscar Klefbom 19) at 17:39 (PP)
Penalties :
Ryan Spooner (Anc) for High sticking (Minor) at 4:14, Tye McGinn (Cap) for Interference (Minor) at 8:11, Esa Lindell (Anc) for Roughing (Minor) at 10:42, Kyle Palmieri (Anc) for Roughing (Minor) at 17:04, Justin Braun (Cap) for Roughing (Minor) at 19:19
3rd period
6. Inferno , Colby Robak 4 (Kyle Palmieri 15) at 0:32 (PP)
7. Inferno , Vladimir Sobotka 12 (Vladimir Zharkov 28, Simon Danis-Pepin 5) at 6:30 (SH)
8. Griffins , Tye McGinn 8 (Petr Pohl 24, Jamie Arniel 23) at 16:09
Penalties :
Mathieu Brodeur (Anc) for Holding (Minor) at 6:16, Kyle Palmieri (Anc) for High sticking (Minor) at 12:02
Overtime #1
9. Griffins , Petr Pohl 20 (Nathan Oystrick 2, Oscar Klefbom 20) at 0:16
Penalties :
No Penalty
Goalie Stats
Michael Hutchinson (Anc), 28 saves from 33 shots - (0.848), OTL, 11-5-1, 60:16 minutes
Jason Missiaen (Cap), 31 saves from 35 shots - (0.886), W, 12-3-3, 60:16 minutes
Players Stats for Inferno
Player Name G A P +/- PIM S H SB GA TA FO MP PP MP PK MP
------------------------------------------------------------------------------------
Cal O'Reilly 0 0 0 -3 0 3 2 0 0 0 8/18 17:58 3:22 4:38
Christian Folin 0 0 0 -1 4 4 2 0 0 0 0/0 15:48 1:27 0:00
Colby Robak 1 0 1 0 2 1 2 0 0 0 0/0 28:22 3:44 7:09
David Ullstrom 1 1 2 2 0 8 0 2 2 0 3/3 21:01 3:22 4:36
Esa Lindell 0 0 0 0 2 0 0 0 0 0 0/1 12:01 0:00 2:03
Kyle Palmieri 0 1 1 -3 4 2 3 0 0 0 0/0 11:00 1:43 0:00
Luca Sbisa 0 0 0 0 0 1 0 0 0 1 0/0 7:59 0:00 0:00
Mathieu Brodeur 0 0 0 0 2 2 0 1 0 2 0/0 17:56 0:00 7:12
Matthew Nieto 0 0 0 0 0 2 3 0 0 0 1/1 10:57 0:06 2:30
Ryan Spooner 0 0 0 0 2 1 0 1 0 0 2/4 9:19 0:06 0:00
Sami Vatanen 0 0 0 -1 0 3 0 1 1 1 0/0 20:15 3:44 1:41
Simon Danis-Pepin 0 1 1 1 0 0 0 1 0 0 0/0 15:20 0:00 6:36
Tanner Pearson 0 0 0 -3 0 0 0 0 0 0 1/4 10:58 1:43 0:00
Tyler Shattock 0 0 0 0 0 0 1 0 0 0 0/0 8:43 0:06 0:00
Victor Rask 0 0 0 0 0 0 2 0 0 0 1/2 12:23 1:43 2:17
Vladimir Sobotka 2 1 3 2 0 3 0 0 0 0 15/28 21:12 0:00 7:34
Vladimir Zharkov 0 3 3 2 0 4 0 0 0 1 1/2 24:26 3:22 7:23
Zach Redmond 0 0 0 -1 0 1 1 0 0 0 0/0 20:50 1:27 4:17
Players Stats for Griffins
Player Name G A P +/- PIM S H SB GA TA FO MP PP MP PK MP
------------------------------------------------------------------------------------
Devin Shore 0 0 0 1 0 0 2 0 0 0 3/8 10:29 0:48 0:17
Gord Baldwin 0 1 1 1 0 1 0 1 0 1 0/0 21:12 5:44 3:08
Greg Mauldin 1 0 1 0 0 3 0 0 0 1 3/8 14:51 5:42 0:00
J.T. Brown 0 1 1 1 2 2 0 0 1 0 2/2 11:05 0:51 0:25
Jamie Arniel 0 1 1 -1 0 2 2 1 0 0 18/35 22:46 7:28 3:32
Jan Mursak 1 0 1 0 0 2 0 0 0 0 0/0 13:32 0:00 3:27
Justin Braun 0 0 0 -1 2 1 1 1 0 0 0/0 19:59 0:41 2:05
Lucas Lessio 0 0 0 0 0 2 1 0 0 0 0/0 10:38 0:23 0:37
Mike Duco 0 0 0 0 0 1 1 0 1 0 0/0 16:12 5:42 1:07
Nathan Oystrick 1 1 2 1 0 1 2 0 0 0 0/0 13:06 0:41 1:53
Oscar Klefbom 0 3 3 3 0 4 0 1 0 0 0/0 22:09 8:04 0:10
Petr Pohl 1 1 2 0 0 6 2 0 1 1 3/5 20:42 7:53 0:57
Petter Granberg 0 0 0 -1 0 0 1 1 0 0 0/0 15:56 5:44 0:00
Pontus Aberg 0 0 0 0 0 0 2 0 0 0 0/1 11:16 1:13 0:00
Robert Dome 0 1 1 1 0 2 4 1 0 0 0/1 16:42 7:45 0:00
Simon Despres 0 0 0 -1 0 0 1 1 0 0 0/0 28:09 8:04 3:06
Tye McGinn 1 1 2 0 2 5 4 0 1 0 0/0 17:28 5:42 0:00
Vladislav Namestnikov 0 0 0 0 0 1 0 0 1 0 2/3 9:38 0:00 0:00
3 Stars
1 - Vladimir Sobotka (Anc)
2 - Oscar Klefbom (Cap)
3 - David Ullstrom (Anc)
Power Play
Inferno - 1 on 3 Attempt(s) - 33.33%
Griffins - 1 on 8 Attempt(s) - 12.50%
Penalty Kill
Inferno - 7 on 8 Attempt(s) - 87.50%
- Score 1 goal in Penalty Kill
Griffins - 2 on 3 Attempt(s) - 66.67%
- Score 0 goal in Penalty Kill
Team Stat
Inferno - Hits : 16 - Faceoff Wins : 32 - Blocked Shots : 6 - Penalty Minutes : 16
Griffins - Hits : 23 - Faceoff Wins : 31 - Blocked Shots : 7 - Penalty Minutes : 6
Official
Referees : McCreary Bill and Kozari Steve
Linesman : Mark Shewchyk and Derek Amell
Game Notes
No Game Note
Finance
Level 1 -- Attendance: 1530 (76.50%) -- Ticket Income $53,550
Level 2 -- Attendance: 777 (77.70%) -- Ticket Income $15,540
Total Attendance: 2307 (76.90%)
Total Ticket Income: $69,090
Other Income: $3,454
Total Income: $72,544
Inferno
5 vs 5 Forward
Center Left Wing Right Wing Time % Phy DF OF
1 Vladimir Sobotka David Ullstrom Vladimir Zharkov 40 1 2 2
2 Cal O'Reilly Tanner Pearson Kyle Palmieri 30 1 2 2
3 Ryan Spooner Esa Lindell Tyler Shattock 20 1 2 2
4 Victor Rask Matthew Nieto Luca Sbisa 10 1 2 2
5 vs 5 Defense
Defense Defense Time % Phy DF OF
1 Colby Robak Sami Vatanen 40 1 2 2
2 Christian Folin Zach Redmond 30 1 2 2
3 Simon Danis-Pepin Mathieu Brodeur 20 1 2 2
4 Colby Robak Zach Redmond 10 1 2 2
PowerPlay Forward
Center Left Wing Right Wing Time % Phy DF OF
1 Cal O'Reilly David Ullstrom Vladimir Zharkov 60 1 2 2
2 Victor Rask Tanner Pearson Kyle Palmieri 40 1 2 2
PowerPlay Defense
Defense Defense Time % Phy DF OF
1 Colby Robak Sami Vatanen 60 1 2 2
2 Christian Folin Zach Redmond 40 1 2 2
Penalty Kill 4 Players Forward
Center Wing Time % Phy DF OF
1 Vladimir Sobotka Vladimir Zharkov 60 1 2 2
2 Cal O'Reilly David Ullstrom 40 1 2 2
Penalty Kill 4 Players Defense
Defense Defense Time % Phy DF OF
1 Colby Robak Mathieu Brodeur 60 1 2 2
2 Simon Danis-Pepin Zach Redmond 40 1 2 2
Penalty Kill - 3 Players Forward
Forward Time % Phy DF OF
1 Vladimir Sobotka 60 1 2 2
2 David Ullstrom 40 1 2 2
Penalty Kill - 3 Players Defense
Defense Defense Time % Phy DF OF
1 Colby Robak Mathieu Brodeur 60 1 2 2
2 Simon Danis-Pepin Zach Redmond 40 1 2 2
4 vs 4 Forward
Center Wing Time % Phy DF OF
1 Vladimir Sobotka Vladimir Zharkov 60 1 2 2
2 Cal O'Reilly David Ullstrom 40 1 2 2
4 vs 4 Defense
Defense Defense Time % Phy DF OF
1 Colby Robak Sami Vatanen 60 1 2 2
2 Christian Folin Zach Redmond 40 1 2 2
Last Minutes Offensive
Center Left Wing Right Wing Defense Defense
Vladimir Sobotka David Ullstrom Vladimir Zharkov Colby Robak Sami Vatanen
Last Minutes Defensive
Center Left Wing Right Wing Defense Defense
Vladimir Sobotka David Ullstrom Vladimir Zharkov Colby Robak Sami Vatanen
Goaltenders
Starting : Michael Hutchinson
Backup : Christopher Gibson
Extra Forwards
Normal : Tanner Pearson, Victor Rask, Kyle Palmieri - PP : Kyle Palmieri, Victor Rask - PK : David Ullstrom
Extra Defensemen
Normal : Simon Danis-Pepin, Mathieu Brodeur, Christian Folin - PP : Christian Folin - PK : Mathieu Brodeur, Simon Danis-Pepin
Penalty Shots
Victor Rask, Vladimir Zharkov, Tanner Pearson, Kyle Palmieri, Cal O'Reilly
Scratches
Anders Lee (Torn Right Knee Ligaments Injury), Chris Brown (Healthy), Frank Corrado (Healthy), Joakim Nordstrom (Healthy), David Savard (Back Surgery Injury)
Trevor Carrick (Healthy), Petteri Lindbohm (Healthy), Daniil Tarasov (Healthy), Branden Troock (Healthy), Matt Kassian (Right Forearm Injury)
Nathan Lieuwen (Healthy)
Griffins
5 vs 5 Forward
Center Left Wing Right Wing Time % Phy DF OF
1 Jamie Arniel Tye McGinn Petr Pohl 40 0 2 3
2 Greg Mauldin Pontus Aberg Mike Duco 25 0 2 3
3 Devin Shore Robert Dome J.T. Brown 25 0 2 3
4 Vladislav Namestnikov Jan Mursak Lucas Lessio 10 0 3 2
5 vs 5 Defense
Defense Defense Time % Phy DF OF
1 Justin Braun Simon Despres 40 1 2 2
2 Gord Baldwin Oscar Klefbom 30 1 2 2
3 Nathan Oystrick Petter Granberg 20 1 2 2
4 Nathan Oystrick Petter Granberg 10 1 2 2
PowerPlay Forward
Center Left Wing Right Wing Time % Phy DF OF
1 Jamie Arniel Robert Dome Petr Pohl 60 1 2 2
2 Greg Mauldin Tye McGinn Mike Duco 40 1 2 2
PowerPlay Defense
Defense Defense Time % Phy DF OF
1 Simon Despres Oscar Klefbom 60 1 2 2
2 Gord Baldwin Petter Granberg 40 1 2 2
Penalty Kill 4 Players Forward
Center Wing Time % Phy DF OF
1 Jamie Arniel Jan Mursak 60 1 2 2
2 J.T. Brown Mike Duco 40 1 2 2
Penalty Kill 4 Players Defense
Defense Defense Time % Phy DF OF
1 Gord Baldwin Justin Braun 60 1 2 2
2 Simon Despres Nathan Oystrick 40 1 2 2
Penalty Kill - 3 Players Forward
Forward Time % Phy DF OF
1 Jamie Arniel 60 1 2 2
2 Mike Duco 40 1 2 2
Penalty Kill - 3 Players Defense
Defense Defense Time % Phy DF OF
1 Gord Baldwin Justin Braun 60 1 2 2
2 Simon Despres Nathan Oystrick 40 1 2 2
4 vs 4 Forward
Center Wing Time % Phy DF OF
1 Robert Dome Petr Pohl 60 1 2 2
2 Jamie Arniel Tye McGinn 40 1 2 2
4 vs 4 Defense
Defense Defense Time % Phy DF OF
1 Nathan Oystrick Oscar Klefbom 60 1 2 2
2 Gord Baldwin Simon Despres 40 1 2 2
Last Minutes Offensive
Center Left Wing Right Wing Defense Defense
Jamie Arniel Robert Dome Petr Pohl Oscar Klefbom Simon Despres
Last Minutes Defensive
Center Left Wing Right Wing Defense Defense
Jamie Arniel Jan Mursak Mike Duco Gord Baldwin Nathan Oystrick
Goaltenders
Starting : Jason Missiaen
Backup : Thomas Greiss
Extra Forwards
Normal : Jamie Arniel, Tye McGinn, Pontus Aberg - PP : Pontus Aberg, Devin Shore - PK : Petr Pohl
Extra Defensemen
Normal : Simon Despres, Oscar Klefbom, Petter Granberg - PP : Justin Braun - PK : Simon Despres, Oscar Klefbom
Penalty Shots
Robert Dome, Petr Pohl, Jamie Arniel, Tye McGinn, Greg Mauldin
Scratches
Garrett Wilson (Healthy), Tanner Kero (Healthy), Greg McKegg (Healthy), Kyle Lawson (Healthy), Brett Bulmer (Healthy)
Stuart Percy (Healthy), Rich Clune (Healthy), Jerome Gauthier-Leduc (Healthy), Konrad Abeltshauser (Healthy), Tomas Hyka (Healthy)
Brian Hart (Healthy), Casey Wellman (Healthy), Tyler Beskorowany (Healthy)
% Time on Ice - Inferno
Lines # - Real PCT - Wanted PCT - Time Play
Normal Forward
1 - 35% - 40% - 14:02
2 - 25% - 30% - 9:55
3 - 21% - 20% - 8:24
4 - 20% - 10% - 7:59
Normal Defense
1 - 41% - 40% - 16:44
2 - 37% - 30% - 14:55
3 - 20% - 20% - 7:52
4 - 2% - 10% - 0:49
PP Forward
1 - 67% - 60% - 3:28
2 - 33% - 40% - 1:43
PP Defense
1 - 72% - 60% - 3:44
2 - 28% - 40% - 1:27
PK Forward
1 - 69% - 60% - 10:02
2 - 31% - 40% - 4:27
PK Defense
1 - 68% - 60% - 9:53
2 - 32% - 40% - 4:36
PK3 Forward
1 - 0% - 60%
2 - 0% - 40%
PK3 Defense
1 - 0% - 60%
2 - 0% - 40%
44 Forward
1 - 100% - 60% - 0:16
2 - 0% - 40% - 0:00
44 Defense
1 - 100% - 60% - 0:16
2 - 0% - 40% - 0:00
Last Minute Offensive - 0:00
Last Minute Defensive - 0:00
Total
Forward - 60:16
Defense - 60:16
|
% Time on Ice - Griffins
Lines # - Real PCT - Wanted PCT - Time Play
Normal Forward
1 - 30% - 40% - 11:56
2 - 24% - 25% - 9:35
3 - 23% - 25% - 9:11
4 - 24% - 10% - 9:38
Normal Defense
1 - 45% - 40% - 18:09
2 - 30% - 30% - 12:05
3 - 19% - 20% - 7:43
4 - 6% - 10% - 2:23
PP Forward
1 - 59% - 60% - 8:33
2 - 41% - 40% - 5:56
PP Defense
1 - 60% - 60% - 8:45
2 - 40% - 40% - 5:44
PK Forward
1 - 78% - 60% - 4:04
2 - 22% - 40% - 1:07
PK Defense
1 - 64% - 60% - 3:18
2 - 36% - 40% - 1:53
PK3 Forward
1 - 0% - 60%
2 - 0% - 40%
PK3 Defense
1 - 0% - 60%
2 - 0% - 40%
44 Forward
1 - 100% - 60% - 0:16
2 - 0% - 40% - 0:00
44 Defense
1 - 100% - 60% - 0:16
2 - 0% - 40% - 0:00
Last Minute Offensive - 0:00
Last Minute Defensive - 0:00
Total
Forward - 60:16
Defense - 60:16
|
Play by Play
1st period
0:01 of 1st period - Vladimir Sobotka wins face-off versus Jamie Arniel in neutral zone.
0:38 of 1st period - Wrist shot by Cal O'Reilly.
0:38 of 1st period - Shot Misses the Net.
0:40 of 1st period - Snap shot by Sami Vatanen.
0:40 of 1st period - Stopped by Jason Missiaen with a rebound.
1:06 of 1st period - Zach Redmond is hit by Pontus Aberg and loses puck.
1:19 of 1st period - Jan Mursak is hit by Christian Folin and loses puck.
1:38 of 1st period - Slapshot by Vladimir Zharkov.
1:38 of 1st period - Deflect By Gord Baldwin.
1:38 of 1st period - Shot Blocked by Oscar Klefbom.
1:38 of 1st period - Puck is out of play.
1:39 of 1st period - Vladimir Sobotka wins face-off versus Jamie Arniel in Griffins zone.
1:42 of 1st period - Snap shot by Vladimir Zharkov.
1:42 of 1st period - Shot Misses the Net.
1:50 of 1st period - Snap shot by Tye McGinn.
1:50 of 1st period - Stopped by Michael Hutchinson with a rebound.
2:22 of 1st period - Snap shot by Petr Pohl.
2:22 of 1st period - Shot Misses the Net.
2:32 of 1st period - Backhand shot by Petr Pohl.
2:32 of 1st period - Stopped by Michael Hutchinson with a rebound.
2:48 of 1st period - Snap shot by Jamie Arniel.
2:48 of 1st period - Stopped by Michael Hutchinson without a rebound.
2:49 of 1st period - Cal O'Reilly wins face-off versus Devin Shore in Inferno zone.
3:55 of 1st period - Lucas Lessio is hit by Victor Rask and loses puck.
5:18 of 1st period - Minor Penalty to J.T. Brown for Roughing.
5:19 of 1st period - Cal O'Reilly wins face-off versus Jamie Arniel in Griffins zone.
7:18 of 1st period - Penalty to J.T. Brown is over, J.T. Brown is back on ice.
7:43 of 1st period - Mathieu Brodeur is hit by Devin Shore and loses puck.
8:30 of 1st period - Vladimir Zharkov is hit by Justin Braun and loses puck.
9:30 of 1st period - Mathieu Brodeur is hit by Mike Duco and loses puck.
9:45 of 1st period - Simon Danis-Pepin is hit by Robert Dome and loses puck.
10:24 of 1st period - Justin Braun is hit by Colby Robak and loses puck.
10:35 of 1st period - Pontus Aberg is hit by Kyle Palmieri and loses puck.
10:48 of 1st period - Slapshot by Matthew Nieto.
10:48 of 1st period - Stopped by Jason Missiaen with a rebound.
11:00 of 1st period - Snap shot by Jamie Arniel.
11:00 of 1st period - Deflect By Petr Pohl.
11:00 of 1st period - Shot Blocked by Mathieu Brodeur.
11:00 of 1st period - Puck is out of play.
11:01 of 1st period - Jamie Arniel wins face-off versus Vladimir Sobotka in Inferno zone.
11:08 of 1st period - Slapshot by Vladimir Zharkov.
11:08 of 1st period - Stopped by Jason Missiaen with a rebound.
11:20 of 1st period - Wrist shot by Kyle Palmieri.
11:20 of 1st period - Shot Blocked by Petter Granberg.
11:48 of 1st period - Double Minor Penalty to Christian Folin for Roughing.
11:49 of 1st period - Vladimir Sobotka wins face-off versus Jamie Arniel in Inferno zone.
12:41 of 1st period - David Ullstrom is hit by Jamie Arniel and loses puck.
13:58 of 1st period - Zach Redmond is hit by Devin Shore and loses puck.
14:13 of 1st period - Gord Baldwin is hit by Cal O'Reilly and loses puck.
15:41 of 1st period - Icing by Petr Pohl.
15:42 of 1st period - Cal O'Reilly wins face-off versus Pontus Aberg in Griffins zone.
15:48 of 1st period - Penalty to Christian Folin is over, Christian Folin is back on ice.
16:01 of 1st period - Snap shot by Lucas Lessio.
16:01 of 1st period - Deflect By Sami Vatanen.
16:01 of 1st period - Shot Misses the Net.
16:01 of 1st period - Puck is out of play.
16:02 of 1st period - Cal O'Reilly wins face-off versus Devin Shore in Inferno zone.
16:11 of 1st period - Wrist shot by Cal O'Reilly.
16:11 of 1st period - Stopped by Jason Missiaen without a rebound.
16:12 of 1st period - J.T. Brown wins face-off versus Cal O'Reilly in Griffins zone.
16:17 of 1st period - Kyle Palmieri is hit by Robert Dome and loses puck.
16:22 of 1st period - Wrist shot by Robert Dome.
16:22 of 1st period - Stopped by Michael Hutchinson with a rebound.
16:24 of 1st period - Wrist shot by Nathan Oystrick.
16:24 of 1st period - Goal by Nathan Oystrick - Inferno : 0 - Griffins : 1.
16:25 of 1st period - David Ullstrom wins face-off versus Jamie Arniel in neutral zone.
16:30 of 1st period - Slapshot by Sami Vatanen.
16:30 of 1st period - Deflect By Vladimir Zharkov.
16:30 of 1st period - Shot Misses the Net.
16:30 of 1st period - Puck is out of play.
16:31 of 1st period - Jamie Arniel wins face-off versus Vladimir Sobotka in Griffins zone.
16:43 of 1st period - Wrist shot by Vladimir Zharkov.
16:43 of 1st period - Shot Misses the Net.
16:45 of 1st period - Wrist shot by Vladimir Sobotka.
16:45 of 1st period - Shot Misses the Net.
16:47 of 1st period - Snap shot by David Ullstrom.
16:47 of 1st period - Goal by David Ullstrom - Inferno : 1 - Griffins : 1.
16:48 of 1st period - Petr Pohl wins face-off versus Vladimir Zharkov in neutral zone.
17:05 of 1st period - Minor Penalty to Colby Robak for Interference.
17:06 of 1st period - Jamie Arniel wins face-off versus Vladimir Sobotka in Inferno zone.
17:12 of 1st period - Slapshot by Vladimir Zharkov.
17:12 of 1st period - Shot Blocked by Robert Dome.
17:14 of 1st period - Slapshot by Mathieu Brodeur.
17:14 of 1st period - Stopped by Jason Missiaen without a rebound.
17:15 of 1st period - Jamie Arniel wins face-off versus Vladimir Sobotka in Griffins zone.
17:20 of 1st period - Snap shot by Jamie Arniel.
17:20 of 1st period - Shot Misses the Net.
17:34 of 1st period - Snap shot by Robert Dome.
17:34 of 1st period - Deflect By Petr Pohl.
17:34 of 1st period - Stopped by Michael Hutchinson without a rebound.
17:35 of 1st period - Vladimir Zharkov wins face-off versus Greg Mauldin in Inferno zone.
17:56 of 1st period - David Ullstrom is hit by Petr Pohl and loses puck.
19:05 of 1st period - Penalty to Colby Robak is over, Colby Robak is back on ice.
19:11 of 1st period - Colby Robak is hit by Lucas Lessio and loses puck.
19:40 of 1st period - Slapshot by Jan Mursak.
19:40 of 1st period - Shot Misses the Net.
19:42 of 1st period - Snap shot by Lucas Lessio.
19:42 of 1st period - Deflect By Jan Mursak.
19:42 of 1st period - Stopped by Michael Hutchinson with a rebound.
19:44 of 1st period - Wrist shot by Lucas Lessio.
19:44 of 1st period - Stopped by Michael Hutchinson with a rebound.
19:46 of 1st period - Slapshot by Justin Braun.
19:46 of 1st period - Stopped by Michael Hutchinson with a rebound.
19:48 of 1st period - Slapshot by Simon Despres.
19:48 of 1st period - Shot Blocked by David Ullstrom.
19:58 of 1st period - Snap shot by Lucas Lessio.
19:58 of 1st period - Shot Misses the Net.
Goals for this period are 1 for Inferno vs 1 for Griffins.
Shots for this period are 6 for Inferno vs 9 for Griffins.
2nd period
0:01 of 2nd period - Vladimir Sobotka wins face-off versus Jamie Arniel in neutral zone.
0:04 of 2nd period - Wrist shot by David Ullstrom.
0:04 of 2nd period - Shot Blocked by Jamie Arniel.
0:16 of 2nd period - Slapshot by Jamie Arniel.
0:16 of 2nd period - Stopped by Michael Hutchinson with a rebound.
0:23 of 2nd period - Icing by Sami Vatanen.
0:24 of 2nd period - Greg Mauldin wins face-off versus Tanner Pearson in Inferno zone.
0:25 of 2nd period - Snap shot by Mike Duco.
0:25 of 2nd period - Shot Misses the Net.
0:30 of 2nd period - Icing by Kyle Palmieri.
0:31 of 2nd period - Tanner Pearson wins face-off versus Jamie Arniel in Inferno zone.
0:48 of 2nd period - Wrist shot by Cal O'Reilly.
0:48 of 2nd period - Shot Misses the Net.
1:59 of 2nd period - Snap shot by Tye McGinn.
1:59 of 2nd period - Stopped by Michael Hutchinson with a rebound.
2:44 of 2nd period - Backhand shot by Mike Duco.
2:44 of 2nd period - Shot Misses the Net.
2:46 of 2nd period - Snap shot by Greg Mauldin.
2:46 of 2nd period - Stopped by Michael Hutchinson with a rebound.
2:48 of 2nd period - Slapshot by Gord Baldwin.
2:48 of 2nd period - Stopped by Michael Hutchinson with a rebound.
2:50 of 2nd period - Backhand shot by Oscar Klefbom.
2:50 of 2nd period - Stopped by Michael Hutchinson without a rebound.
2:51 of 2nd period - Jamie Arniel wins face-off versus Tanner Pearson in Inferno zone.
3:04 of 2nd period - Wrist shot by Kyle Palmieri.
3:04 of 2nd period - Shot Misses the Net.
3:06 of 2nd period - Backhand shot by Cal O'Reilly.
3:06 of 2nd period - Stopped by Jason Missiaen with a rebound.
3:36 of 2nd period - Icing by Esa Lindell.
3:37 of 2nd period - Devin Shore wins face-off versus Esa Lindell in Inferno zone.
3:42 of 2nd period - Snap shot by Robert Dome.
3:42 of 2nd period - Shot Blocked by Ryan Spooner.
4:07 of 2nd period - Wrist shot by Greg Mauldin.
4:07 of 2nd period - Stopped by Michael Hutchinson with a rebound.
4:14 of 2nd period - Minor Penalty to Ryan Spooner for High sticking.
4:15 of 2nd period - Vladimir Sobotka wins face-off versus Jamie Arniel in Inferno zone.
4:40 of 2nd period - Slapshot by Oscar Klefbom.
4:40 of 2nd period - Deflect By Cal O'Reilly.
4:40 of 2nd period - Stopped by Michael Hutchinson with a rebound.
6:14 of 2nd period - Penalty to Ryan Spooner is over, Ryan Spooner is back on ice.
6:18 of 2nd period - Vladimir Sobotka is hit by Petter Granberg and loses puck.
6:23 of 2nd period - Snap shot by J.T. Brown.
6:23 of 2nd period - Stopped by Michael Hutchinson with a rebound.
6:30 of 2nd period - Icing by Colby Robak.
6:31 of 2nd period - Vladislav Namestnikov wins face-off versus Vladimir Sobotka in Inferno zone.
6:56 of 2nd period - Kyle Palmieri is hit by Robert Dome and loses puck.
7:57 of 2nd period - Backhand shot by Jan Mursak.
7:57 of 2nd period - Goal by Jan Mursak - Inferno : 1 - Griffins : 2.
7:58 of 2nd period - Jamie Arniel wins face-off versus Vladimir Sobotka in neutral zone.
8:01 of 2nd period - Zach Redmond is hit by Petr Pohl and loses puck.
8:11 of 2nd period - Minor Penalty to Tye McGinn for Interference.
8:12 of 2nd period - Jamie Arniel wins face-off versus Cal O'Reilly in Griffins zone.
9:16 of 2nd period - Icing by Christian Folin.
9:17 of 2nd period - Cal O'Reilly wins face-off versus Petr Pohl in Inferno zone.
9:19 of 2nd period - Icing by David Ullstrom.
9:20 of 2nd period - Petr Pohl wins face-off versus Cal O'Reilly in Inferno zone.
9:21 of 2nd period - Snap shot by Lucas Lessio.
9:21 of 2nd period - Stopped by Michael Hutchinson without a rebound.
9:22 of 2nd period - Cal O'Reilly wins face-off versus Petr Pohl in Inferno zone.
9:52 of 2nd period - Wrist shot by Sami Vatanen.
9:52 of 2nd period - Stopped by Jason Missiaen without a rebound.
9:53 of 2nd period - Cal O'Reilly wins face-off versus Jamie Arniel in Griffins zone.
9:54 of 2nd period - Snap shot by David Ullstrom.
9:54 of 2nd period - Stopped by Jason Missiaen without a rebound.
9:55 of 2nd period - Jamie Arniel wins face-off versus Cal O'Reilly in Griffins zone.
10:11 of 2nd period - Penalty to Tye McGinn is over, Tye McGinn is back on ice.
10:42 of 2nd period - Minor Penalty to Esa Lindell for Roughing.
10:43 of 2nd period - Vladimir Sobotka wins face-off versus Greg Mauldin in Inferno zone.
11:39 of 2nd period - Snap shot by Greg Mauldin.
11:39 of 2nd period - Shot Misses the Net.
12:42 of 2nd period - Penalty to Esa Lindell is over, Esa Lindell is back on ice.
13:21 of 2nd period - Wrist shot by Cal O'Reilly.
13:21 of 2nd period - Shot Blocked by Justin Braun.
13:41 of 2nd period - Pontus Aberg is hit by Tyler Shattock and loses puck.
14:02 of 2nd period - Snap shot by Luca Sbisa.
14:02 of 2nd period - Stopped by Jason Missiaen with a rebound.
14:18 of 2nd period - Devin Shore is hit by Kyle Palmieri and loses puck.
14:58 of 2nd period - Simon Despres is hit by Matthew Nieto and loses puck.
15:16 of 2nd period - Tyler Shattock is hit by Nathan Oystrick and loses puck.
15:40 of 2nd period - Colby Robak is hit by Jamie Arniel and loses puck.
15:46 of 2nd period - Off-side.
15:47 of 2nd period - Vladimir Sobotka wins face-off versus Greg Mauldin in neutral zone.
16:15 of 2nd period - Snap shot by Jan Mursak.
16:15 of 2nd period - Shot Blocked by David Ullstrom.
16:39 of 2nd period - Snap shot by David Ullstrom.
16:39 of 2nd period - Stopped by Jason Missiaen with a rebound.
16:41 of 2nd period - Wrist shot by Vladimir Zharkov.
16:41 of 2nd period - Deflect By Vladimir Sobotka.
16:41 of 2nd period - Goal by Vladimir Sobotka - Inferno : 2 - Griffins : 2.
16:42 of 2nd period - Devin Shore wins face-off versus Cal O'Reilly in neutral zone.
16:54 of 2nd period - Wrist shot by Robert Dome.
16:54 of 2nd period - Shot Misses the Net.
17:04 of 2nd period - Minor Penalty to Kyle Palmieri for Roughing.
17:05 of 2nd period - Jamie Arniel wins face-off versus Vladimir Sobotka in Inferno zone.
17:39 of 2nd period - Wrist shot by Tye McGinn.
17:39 of 2nd period - Deflect By Greg Mauldin.
17:39 of 2nd period - Goal by Greg Mauldin - Inferno : 2 - Griffins : 3.
17:40 of 2nd period - David Ullstrom wins face-off versus Jamie Arniel in neutral zone.
18:12 of 2nd period - Slapshot by Oscar Klefbom.
18:12 of 2nd period - Stopped by Michael Hutchinson without a rebound.
18:13 of 2nd period - Jamie Arniel wins face-off versus Tanner Pearson in Inferno zone.
18:16 of 2nd period - Slapshot by Jamie Arniel.
18:16 of 2nd period - Deflect By Tye McGinn.
18:16 of 2nd period - Stopped by Michael Hutchinson with a rebound.
18:22 of 2nd period - Oscar Klefbom is hit by Cal O'Reilly and loses puck.
18:29 of 2nd period - Slapshot by Kyle Palmieri.
18:29 of 2nd period - Stopped by Jason Missiaen with a rebound.
18:38 of 2nd period - Off-side.
18:39 of 2nd period - Vladimir Sobotka wins face-off versus Devin Shore in neutral zone.
18:42 of 2nd period - Snap shot by David Ullstrom.
18:42 of 2nd period - Stopped by Jason Missiaen with a rebound.
18:44 of 2nd period - Backhand shot by Sami Vatanen.
18:44 of 2nd period - Stopped by Jason Missiaen without a rebound.
18:45 of 2nd period - Vladimir Sobotka wins face-off versus Jamie Arniel in Griffins zone.
18:48 of 2nd period - Wrist shot by Vladimir Zharkov.
18:48 of 2nd period - Stopped by Jason Missiaen with a rebound.
18:50 of 2nd period - Wrist shot by Vladimir Sobotka.
18:50 of 2nd period - Stopped by Jason Missiaen without a rebound.
18:51 of 2nd period - Vladimir Sobotka wins face-off versus Jamie Arniel in Griffins zone.
18:57 of 2nd period - Snap shot by David Ullstrom.
18:57 of 2nd period - Stopped by Jason Missiaen without a rebound.
18:58 of 2nd period - David Ullstrom wins face-off versus Jamie Arniel in Griffins zone.
19:05 of 2nd period - Slapshot by Vladimir Zharkov.
19:05 of 2nd period - Shot Misses the Net.
19:07 of 2nd period - Slapshot by Vladimir Zharkov.
19:07 of 2nd period - Deflect By David Ullstrom.
19:07 of 2nd period - Stopped by Jason Missiaen with a rebound.
19:09 of 2nd period - Slapshot by Sami Vatanen.
19:09 of 2nd period - Shot Misses the Net.
19:11 of 2nd period - Snap shot by Vladimir Sobotka.
19:11 of 2nd period - Shot Misses the Net.
19:13 of 2nd period - Wrist shot by David Ullstrom.
19:13 of 2nd period - Stopped by Jason Missiaen with a rebound.
19:19 of 2nd period - Minor Penalty to Justin Braun for Roughing.
19:20 of 2nd period - Cal O'Reilly wins face-off versus Jamie Arniel in Griffins zone.
19:28 of 2nd period - Off-side.
19:29 of 2nd period - Jamie Arniel wins face-off versus Cal O'Reilly in neutral zone.
19:32 of 2nd period - Slapshot by Gord Baldwin.
19:32 of 2nd period - Shot Misses the Net.
19:40 of 2nd period - Snap shot by David Ullstrom.
19:40 of 2nd period - Shot Misses the Net.
19:42 of 2nd period - Snap shot by David Ullstrom.
19:42 of 2nd period - Stopped by Jason Missiaen without a rebound.
19:43 of 2nd period - Jamie Arniel wins face-off versus Cal O'Reilly in Griffins zone.
19:54 of 2nd period - Slapshot by Sami Vatanen.
19:54 of 2nd period - Shot Misses the Net.
19:56 of 2nd period - Snap shot by Vladimir Zharkov.
19:56 of 2nd period - Shot Misses the Net.
19:58 of 2nd period - Slapshot by Colby Robak.
19:58 of 2nd period - Shot Misses the Net.
Goals for this period are 1 for Inferno vs 2 for Griffins.
Shots for this period are 15 for Inferno vs 13 for Griffins.
3rd period
0:01 of 3rd period - Jamie Arniel wins face-off versus Cal O'Reilly in neutral zone.
0:10 of 3rd period - Snap shot by Jamie Arniel.
0:10 of 3rd period - Shot Misses the Net.
0:32 of 3rd period - Snap shot by Colby Robak.
0:32 of 3rd period - Goal by Colby Robak - Inferno : 3 - Griffins : 3.
0:33 of 3rd period - Jamie Arniel wins face-off versus Vladimir Sobotka in neutral zone.
0:44 of 3rd period - Slapshot by Petr Pohl.
0:44 of 3rd period - Stopped by Michael Hutchinson with a rebound.
0:47 of 3rd period - Icing by Sami Vatanen.
0:48 of 3rd period - Vladimir Sobotka wins face-off versus Greg Mauldin in Inferno zone.
1:13 of 3rd period - Cal O'Reilly is hit by Tye McGinn and loses puck.
1:36 of 3rd period - Oscar Klefbom is hit by Christian Folin and loses puck.
1:45 of 3rd period - Wrist shot by Ryan Spooner.
1:45 of 3rd period - Stopped by Jason Missiaen with a rebound.
1:55 of 3rd period - Slapshot by Oscar Klefbom.
1:55 of 3rd period - Shot Misses the Net.
1:57 of 3rd period - Snap shot by Vladislav Namestnikov.
1:57 of 3rd period - Deflect By Jan Mursak.
1:57 of 3rd period - Shot Blocked by Simon Danis-Pepin.
1:57 of 3rd period - Puck is out of play.
1:58 of 3rd period - Victor Rask wins face-off versus Vladislav Namestnikov in Inferno zone.
2:05 of 3rd period - Vladislav Namestnikov is hit by Matthew Nieto and loses puck.
2:22 of 3rd period - Sami Vatanen is hit by Nathan Oystrick.
2:38 of 3rd period - Jan Mursak is hit by Matthew Nieto and loses puck.
3:08 of 3rd period - Slapshot by Christian Folin.
3:08 of 3rd period - Stopped by Jason Missiaen with a rebound.
3:10 of 3rd period - Wrist shot by Victor Rask.
3:10 of 3rd period - Shot Misses the Net.
3:54 of 3rd period - Slapshot by Christian Folin.
3:54 of 3rd period - Stopped by Jason Missiaen with a rebound.
4:18 of 3rd period - Slapshot by Zach Redmond.
4:18 of 3rd period - Stopped by Jason Missiaen with a rebound.
4:20 of 3rd period - Wrist shot by Matthew Nieto.
4:20 of 3rd period - Shot Hit the Post.
4:22 of 3rd period - Snap shot by Victor Rask.
4:22 of 3rd period - Shot Misses the Net.
4:24 of 3rd period - Slapshot by Zach Redmond.
4:24 of 3rd period - Shot Misses the Net.
4:38 of 3rd period - Snap shot by Vladislav Namestnikov.
4:38 of 3rd period - Stopped by Michael Hutchinson with a rebound.
4:50 of 3rd period - Snap shot by Matthew Nieto.
4:50 of 3rd period - Stopped by Jason Missiaen without a rebound.
4:51 of 3rd period - Jamie Arniel wins face-off versus Vladimir Sobotka in Griffins zone.
4:51 of 3rd period - Jamie Arniel is hit by Colby Robak.
5:01 of 3rd period - Slapshot by Oscar Klefbom.
5:01 of 3rd period - Stopped by Michael Hutchinson with a rebound.
5:07 of 3rd period - Colby Robak is hit by Tye McGinn and loses puck.
6:16 of 3rd period - Minor Penalty to Mathieu Brodeur for Holding.
6:17 of 3rd period - Vladimir Sobotka wins face-off versus Robert Dome in Inferno zone.
6:30 of 3rd period - Slapshot by Vladimir Sobotka.
6:30 of 3rd period - Goal by Vladimir Sobotka - Inferno : 4 - Griffins : 3.
6:31 of 3rd period - Vladimir Sobotka wins face-off versus Jamie Arniel in neutral zone.
6:33 of 3rd period - Off-side.
6:34 of 3rd period - Vladimir Sobotka wins face-off versus Jamie Arniel in neutral zone.
6:43 of 3rd period - Snap shot by Vladimir Zharkov.
6:43 of 3rd period - Stopped by Jason Missiaen without a rebound.
6:44 of 3rd period - Vladimir Sobotka wins face-off versus Jamie Arniel in Griffins zone.
7:16 of 3rd period - Cal O'Reilly is hit by Tye McGinn and loses puck.
8:11 of 3rd period - Jamie Arniel is hit by Zach Redmond and loses puck.
8:16 of 3rd period - Penalty to Mathieu Brodeur is over, Mathieu Brodeur is back on ice.
8:30 of 3rd period - Slapshot by Cal O'Reilly.
8:30 of 3rd period - Stopped by Jason Missiaen with a rebound.
8:32 of 3rd period - Snap shot by Cal O'Reilly.
8:32 of 3rd period - Shot Blocked by Simon Despres.
8:51 of 3rd period - Icing by Zach Redmond.
8:52 of 3rd period - Matthew Nieto wins face-off versus Devin Shore in Inferno zone.
9:31 of 3rd period - Icing by David Ullstrom.
9:32 of 3rd period - Jamie Arniel wins face-off versus Vladimir Sobotka in Inferno zone.
9:37 of 3rd period - Snap shot by Petr Pohl.
9:37 of 3rd period - Stopped by Michael Hutchinson with a rebound.
9:39 of 3rd period - Snap shot by Jamie Arniel.
9:39 of 3rd period - Shot Misses the Net.
9:41 of 3rd period - Wrist shot by Petr Pohl.
9:41 of 3rd period - Shot Hit the Post.
9:43 of 3rd period - Slapshot by Simon Despres.
9:43 of 3rd period - Shot Misses the Net.
9:47 of 3rd period - Slapshot by Tye McGinn.
9:47 of 3rd period - Stopped by Michael Hutchinson without a rebound.
9:48 of 3rd period - Greg Mauldin wins face-off versus Cal O'Reilly in Inferno zone.
9:53 of 3rd period - Snap shot by Greg Mauldin.
9:53 of 3rd period - Deflect By Colby Robak.
9:53 of 3rd period - Shot Blocked by Sami Vatanen.
9:53 of 3rd period - Puck is out of play.
9:54 of 3rd period - Greg Mauldin wins face-off versus Cal O'Reilly in Inferno zone.
9:59 of 3rd period - Snap shot by Mike Duco.
9:59 of 3rd period - Stopped by Michael Hutchinson with a rebound.
10:29 of 3rd period - Snap shot by Vladimir Sobotka.
10:29 of 3rd period - Shot Misses the Net.
10:58 of 3rd period - Backhand shot by Christian Folin.
10:58 of 3rd period - Stopped by Jason Missiaen without a rebound.
10:59 of 3rd period - Vladislav Namestnikov wins face-off versus Victor Rask in Griffins zone.
10:59 of 3rd period - Vladislav Namestnikov is hit by Victor Rask.
12:02 of 3rd period - Minor Penalty to Kyle Palmieri for High sticking.
12:03 of 3rd period - Jamie Arniel wins face-off versus Vladimir Sobotka in Inferno zone.
12:06 of 3rd period - Snap shot by Petr Pohl.
12:06 of 3rd period - Shot Misses the Net.
12:18 of 3rd period - Slapshot by Petter Granberg.
12:18 of 3rd period - Deflect By Petr Pohl.
12:18 of 3rd period - Stopped by Michael Hutchinson with a rebound.
14:02 of 3rd period - Penalty to Kyle Palmieri is over, Kyle Palmieri is back on ice.
14:35 of 3rd period - Justin Braun is hit by Kyle Palmieri and loses puck.
15:26 of 3rd period - Snap shot by Kyle Palmieri.
15:26 of 3rd period - Stopped by Jason Missiaen with a rebound.
16:09 of 3rd period - Snap shot by Tye McGinn.
16:09 of 3rd period - Goal by Tye McGinn - Inferno : 4 - Griffins : 4.
16:10 of 3rd period - Ryan Spooner wins face-off versus Devin Shore in neutral zone.
16:15 of 3rd period - Wrist shot by Esa Lindell.
16:15 of 3rd period - Shot Blocked by Gord Baldwin.
16:19 of 3rd period - Snap shot by Tyler Shattock.
16:19 of 3rd period - Shot Misses the Net.
16:21 of 3rd period - Slapshot by Tyler Shattock.
16:21 of 3rd period - Shot Misses the Net.
16:23 of 3rd period - Slapshot by Mathieu Brodeur.
16:23 of 3rd period - Deflect By Oscar Klefbom.
16:23 of 3rd period - Stopped by Jason Missiaen with a rebound.
16:25 of 3rd period - Wrist shot by Ryan Spooner.
16:25 of 3rd period - Shot Misses the Net.
16:32 of 3rd period - Icing by J.T. Brown.
16:33 of 3rd period - Jamie Arniel wins face-off versus Vladimir Sobotka in Griffins zone.
16:40 of 3rd period - Slapshot by Oscar Klefbom.
16:40 of 3rd period - Deflect By Jamie Arniel.
16:40 of 3rd period - Shot Misses the Net.
16:40 of 3rd period - Puck is out of play.
16:41 of 3rd period - J.T. Brown wins face-off versus Ryan Spooner in Inferno zone.
16:48 of 3rd period - Esa Lindell is hit by Robert Dome and loses puck.
16:55 of 3rd period - Snap shot by J.T. Brown.
16:55 of 3rd period - Stopped by Michael Hutchinson with a rebound.
16:57 of 3rd period - Wrist shot by J.T. Brown.
16:57 of 3rd period - Shot Misses the Net.
17:07 of 3rd period - Colby Robak is hit by Tye McGinn and loses puck.
17:18 of 3rd period - Backhand shot by Vladimir Zharkov.
17:18 of 3rd period - Stopped by Jason Missiaen with a rebound.
17:54 of 3rd period - Slapshot by Christian Folin.
17:54 of 3rd period - Stopped by Jason Missiaen without a rebound.
17:55 of 3rd period - Devin Shore wins face-off versus Ryan Spooner in Griffins zone.
18:08 of 3rd period - Wrist shot by Esa Lindell.
18:08 of 3rd period - Shot Misses the Net.
18:44 of 3rd period - Slapshot by Mike Duco.
18:44 of 3rd period - Deflect By Greg Mauldin.
18:44 of 3rd period - Shot Misses the Net.
18:44 of 3rd period - Puck is out of play.
18:45 of 3rd period - Ryan Spooner wins face-off versus Greg Mauldin in Inferno zone.
18:45 of 3rd period - Ryan Spooner is hit by Pontus Aberg.
19:32 of 3rd period - David Ullstrom is hit by Simon Despres.
Goals for this period are 2 for Inferno vs 1 for Griffins.
Shots for this period are 14 for Inferno vs 9 for Griffins.
Overtime #1
0:01 of 1st overtime period - Petr Pohl wins face-off versus Vladimir Sobotka in neutral zone.
0:10 of 1st overtime period - Wrist shot by Robert Dome.
0:10 of 1st overtime period - Stopped by Michael Hutchinson with a rebound.
0:12 of 1st overtime period - Slapshot by Oscar Klefbom.
0:12 of 1st overtime period - Shot Misses the Net.
0:14 of 1st overtime period - Slapshot by Nathan Oystrick.
0:14 of 1st overtime period - Shot Misses the Net.
0:16 of 1st overtime period - Wrist shot by Petr Pohl.
0:16 of 1st overtime period - Goal by Petr Pohl - Inferno : 4 - Griffins : 5.
Goals for this period are 0 for Inferno vs 1 for Griffins.
Shots for this period are 0 for Inferno vs 2 for Griffins.
Back to the Top